[Event "Early-Titled-Tuesday-Blitz-May-14-2024"]
[Site "Chess.com"]
[Date "2024.05.14"]
[Round "1"]
[White "SharapovEvgeny"]
[Black "zozik"]
[Result "1-0"]
[WhiteElo "2651"]
[BlackElo "2328"]
[TimeControl "180+1"]
[EndTime "8:08:46 PDT"]
[Termination "SharapovEvgeny won on time"]

1. e4 e6 2. d4 d5 3. Nc3 Nf6 4.
e5 Nfd7 5. f4 c5 6. Nf3 Nc6 7.
Be3 a6 8. Qd2 b5 9. Nd1 b4 10.
c3 a5 11. Nf2 Qb6 12. Be2 Ba6 13.
O-O Bxe2 14. Qxe2 Qa6 15. Qc2 cxd4 16. cxd4 Be7 17. f5 Rc8 18. fxe6 fxe6 19. Qd2 O-O 20.
Bg5 Qb6 21. Bxe7 Nxe7 22. Rac1 Rc4 23. b3 Rxc1 24. Rxc1 Rc8 25. Rxc8+ Nxc8 26. Qc2 Ne7 27. Ng5 g6 28. Nf3 Qc6 29. Qxc6 Nxc6 30. Nd3 h6 31. h4 Kf7 32. Kf2 Nb6 33. Nc5 Ke7 34. Ke3 Nd7 35.
Nxd7 Kxd7 36. Ne1 Na7 37. Nd3 Nb5 38. Nc5+ Ke7 39. Kd3 Nc3 40. a4 Nd1 41. Kd2 Nf2 42. Ke2 Ng4 43. Kf3 h5 44. Nb7 Nh6 45. Nxa5 Nf5 46.
Nc6+ Kd7 47. Nxb4 Nxd4+ 48. Kf4 Nxb3 49. Kg5 Nc5 50. Nc2 Nxa4 51. Kxg6 Nc3 52. Kxh5 Ne2 53. g4 d4 54. Kg5 d3 55. Ne3 Nd4 56. h5 Ke7 57. h6 Kf7 58. Kf4 d2 59. Ke4 Ne2 60.
Kd3 Nf4+ 61. Kxd2 Ng6 62. Nc4 Nh4 63. Ke3 Kg6 64. Kf4 Ng2+ 65. Ke4 Nh4 66. Ne3 Kg5 67. h7 Ng6 68. Nc2 Kh6 69. Nd4 Kxh7 70. Nxe6 Kg8 71. Nf4 Kf7 72. Nxg6 Kxg6 73. Kf4 1-0

[Event "Early-Titled-Tuesday-Blitz-May-14-2024"]
[Site "Chess.com"]
[Date "2024.05.14"]
[Round "1"]
[White "MikeWizard"]
[Black "TimGrutter03"]
[Result "0-1"]
[WhiteElo "2004"]
[BlackElo "2556"]
[TimeControl "180+1"]
[EndTime "8:08:47 PDT"]
[Termination "TimGrutter03 won on time"]

1. d4 d5 2. c4 dxc4 3. Nf3 Nf6 4. e3 e6 5. Bxc4 c5 6. O-O Nc6 7. Nc3 cxd4 8. Nxd4 Nxd4 9. Qxd4 Qxd4 10. exd4 Bb4 11. a3 Bxc3 12. bxc3 Bd7 13. Re1 Rc8 14. Bf1 Rxc3 15.
Bb2 Rc2 16. Rab1 O-O 17. Bd3 Rc7 18. Bc1 Nd5 19. Bd2 Rfc8 20. Rec1 b6 21. Rxc7 Rxc7 22. Rc1 Rxc1+ 23. Bxc1 Bc6 24. f3 h6 25. Bd2 Kf8 26. Kf2 Ke8 27. h4 Kd7 28. h5 Nc7 29.
Bb4 Bb5 30. Bh7 Ke8 31. Bd6 Nd5 32. Bb8 a6 33. Be4 Nf6 34. Bc7 Nxh5 35. Bxb6 Nf6 36. Bc5 Kd7 37. Bf8 Ne8 38. Ke3 Bc6 39. Bd3 Bb5 40. Bh7 f6 41. Bg6 f5 42. Bxe8+ Kxe8 43. Bxg7 h5 44. Kf4 Kf7 45. Be5 Kg6 46. g3 Ba4 47. Bd6 Bd1 48. Ke5 Bxf3 49. Bc5 Bd5 50. Kf4 Kf6 51. Bb6 Ke7 52. Bc7 Kd7 53. Be5 Kc6 54. Kg5 Bf3 55. Kf6 Kd5 56. Kg5 Bd1 57.
Kf6 Bb3 58. Kg5 Bd1 59. Kf6 Be2 60. Kg5 Bc4 61. Kf6 Ke4 62. Kg5 Be2 63. Kf6 Bg4 64.
Kg5 Kf3 65. Kf6 Ke3 66. Kg5 Kd3 67. Kf6 Kc4 68. Kg5 Kb5 69. Kf6 Ka4 70. Bd6 Bh3 71.
Kg5 Bg4 72. Kf4 Kb3 73. Ke5 Kc4 74. Be7 f4 0-1

[Event "Early-Titled-Tuesday-Blitz-May-14-2024"]
[Site "Chess.com"]
[Date "2024.05.14"]
[Round "1"]
[White "Smiechu"]
[Black "bubeliang"]
[Result "1/2-1/2"]
[WhiteElo "2502"]
[BlackElo "2854"]
[TimeControl "180+1"]
[EndTime "8:08:50 PDT"]
[Termination "Game drawn - insufficient material"]

1. e4 c6 2. d4 d5 3. e5 c5 4. c3 Nc6 5. f4 cxd4 6. cxd4 g6 7.
Nf3 h5 8. Ng5 Nh6 9. e6 Bxe6 10.
Nxe6 fxe6 11. Be3 Nf5 12. Bf2 Bg7 13. Bb5 O-O 14. Bxc6 bxc6 15. O-O Qb6 16. Nc3 Bxd4 17.
Qe2 Bxf2+ 18. Rxf2 Rf6 19. Kh1 h4 20. Rf3 Kg7 21. Nd1 Rh8 22. Nf2 Ng3+ 23. hxg3 hxg3+ 24. Nh3 Qd4 25. Raf1 c5 26. f5 gxf5 27. Rxg3+ Kf8 28. Qa6 Rfh6 29. Qe2 Qe4 30. Qxe4 dxe4 31. Kg1 Rf6 32. Rc3 Kf7 33. Rxc5 Rg6 34. Kf2 Kf6 35. Rc6 Kf7 36. Nf4 Rgh6 37. Ke3 e5 38. Rxh6 Rxh6 39. Nd5 e6 40. Nc3 Kg6 41. b4 Rh8 42. a4 Rc8 43. Rc1 Rc4 44. b5 f4+ 45. Ke2 e3 46. Kd3 Rd4+ 47.
Ke2 e4 48. Rc2 Rb4 49. a5 Kf5 50. b6 a6 51. Nd1 Rd4 52. Rb2 Rd8 53. b7 Rb8 54.
Nc3 Ke5 55. Na4 Kd5 56. Nb6+ Kc6 57. Nc4 Rxb7 58. Rxb7 Kxb7 59. Nd6+ Kc6 60. Nxe4 Kb5 61. Ng5 e5 62. Nf7 Kxa5 63. Nxe5 Kb4 64. Nd3+ Kc3 65.
Nxf4 a5 66. Nd5+ Kb3 67. Nxe3 a4 68. Kd2 a3 69. g4 a2 70. Nc2 Kc4 71. g5 Kd5 72.
Kc1 Ke5 73. Kb2 Kf5 74. Kxa2 Kxg5 1/2-1/2

[Event "Early-Titled-Tuesday-Blitz-May-14-2024"]
[Site "Chess.com"]
[Date "2024.05.14"]
[Round "1"]
[White "LionKing2367890"]
[Black "KingCyber19"]
[Result "1-0"]
[WhiteElo "2233"]
[BlackElo "2580"]
[TimeControl "180+1"]
[EndTime "8:08:50 PDT"]
[Termination "LionKing2367890 won on time"]

1. e4 e5 2. Nf3 Nc6 3. Bc4 Bc5 4.
c3 Nf6 5. d3 d6 6. Nbd2 a6 7. a4 h6 8. Nf1 O-O 9. Be3 Bxe3 10.
Nxe3 Ne7 11. O-O c6 12. Bb3 Be6 13. Bc2 b5 14. d4 Qc7 15. dxe5 dxe5 16. Qe2 Ng6 17.
g3 Ng4 18. Rfd1 Qb6 19. Nxg4 Bxg4 20. Kg2 Rad8 21. h3 Be6 22. axb5 axb5 23. Rxd8 Rxd8 24. Rd1 Rxd1 25. Qxd1 Qc7 26. Bb3 Bxb3 27. Qxb3 Nf8 28.
c4 bxc4 29. Qxc4 Ne6 30. b4 Qd6 31. b5 cxb5 32. Qxb5 f6 33. Qe8+ Kh7 34. Nh4 Nf8 35. Qf7 Ne6 36. Qg6+ Kh8 37. Nf5 Qf8 38. h4 Nd4 39.
Ne3 Qa8 40. Nd5 Qf8 41. h5 Nc6 42. f4 Ne7 43. Qg4 Nxd5 44. exd5 Qd6 45. Qc8+ Kh7 46.
Qe6 Qxe6 47. dxe6 Kg8 48. Kf3 exf4 49. gxf4 Kf8 50. Ke4 Ke8 51. Kf5 Ke7 52. Kg6 Kxe6 53. Kxg7 f5 54. Kxh6 Kf6 55. Kh7 Kf7 56. Kh6 Kf6 57.
Kh7 Kf7 58. h6 Kf8 59. Kg6 Kg8 60. Kxf5 Kh7 61. Ke6 Kh8 62. f5 Kg8 63. Ke7 Kh7 64. f6 1-0

[Event "Early-Titled-Tuesday-Blitz-May-14-2024"]
[Site "Chess.com"]
[Date "2024.05.14"]
[Round "1"]
[White "a_kandil"]
[Black "czechbul17"]
[Result "0-1"]
[WhiteElo "2558"]
[BlackElo "2171"]
[TimeControl "180+1"]
[EndTime "8:08:53 PDT"]
[Termination "czechbul17 won by checkmate"]

1. e4 e5 2. Nf3 d5 3. Nxe5 Bd6 4.
d4 dxe4 5. Nc3 Bxe5 6. dxe5 Qxd1+ 7. Nxd1 Nc6 8. Bb5 Bd7 9. Bxc6 Bxc6 10. Bf4 O-O-O 11.
h4 Ne7 12. h5 h6 13. Ne3 Nd5 14. Nxd5 Rxd5 15. O-O f6 16. exf6 gxf6 17. Rfe1 Rxh5 18.
Red1 e3 19. fxe3 Rg8 20. Rd2 Rd5 21. Rxd5 Bxd5 22. Rd1 Rxg2+ 23. Kf1 Bf3 24. Rc1 h5 25. e4 Bxe4 26. Re1 Bc6 27. Re7 Rxc2 28. Rxc7+ Kd8 29. Rh7 Rxb2 30. Rxh5 Rxa2 31. Rh7 a5 32. Ke1 a4 33. Kd1 Rf2 34. Be3 Rb2 35. Kc1 a3 36. Bd4 Rb3 37. Bxf6+ Ke8 38. Rh8+ Kf7 39. Bd4 Ke6 40. Kc2 Rf3 41.
Ra8 Kd5 42. Bc3 Kc4 43. Rxa3 Be4+ 44. Kb2 Rf2+ 45. Ka1 Rf1+ 46. Kb2 b5 47. Rb3 Rb1+ 48. Ka2 Rxb3 49. Bb2 Rxb2+ 50. Kxb2 b4 51. Kc1 Kb3 52. Kd2 Ka2 53. Kc1 b3 54. Kd2 b2 55. Ke3 b1=Q 56. Kd4 Qd3+ 57. Ke5 Qd5+ 58. Kf4 Qf5+ 59. Ke3 Bd5 60. Kd4 Qe4+ 61. Kc3 Qc4+ 62. Kd2 Qb3 63. Kc1 Qf3 64. Kd2 Bc4 65. Kc1 Qg2 66. Kd1 Qe2+ 67.
Kc1 Qe1+ 68. Kc2 Qe2+ 69. Kc3 Qd3+ 70. Kb4 Qd5 71. Kc3 Bb5 72. Kc2 Qd3+ 73. Kc1 Qc3+ 74. Kd1 Qb2 75. Ke1 Qe2# 0-1

[Event "Early-Titled-Tuesday-Blitz-May-14-2024"]
[Site "Chess.com"]
[Date "2024.05.14"]
[Round "1"]
[White "ZachHKL"]
[Black "Kunalm64"]
[Result "1-0"]
[WhiteElo "2313"]
[BlackElo "2604"]
[TimeControl "180+1"]
[EndTime "8:08:55 PDT"]
[Termination "ZachHKL won on time"]

1. c4 f5 2. g3 Nf6 3. Bg2 g6 4.
b3 Bg7 5. Bb2 O-O 6. Nf3 d6 7.
d4 Nbd7 8. O-O e6 9. Nbd2 Qe7 10. Qc2 e5 11. e4 fxe4 12. Nxe4 Nxe4 13. Qxe4 Nf6 14.
Qe2 e4 15. Nd2 Bg4 16. f3 Bf5 17. fxe4 Bg4 18. Qe3 c6 19. Rae1 Bd7 20. h3 Nh5 21. Rxf8+ Rxf8 22. Kh2 c5 23. Nf3 cxd4 24. Bxd4 Bxd4 25.
Qxd4 Bc6 26. Qxa7 g5 27. Qe3 h6 28. Nd4 Qe5 29. Nf5 Kh7 30. Qd3 Rxf5 31. exf5 Qxe1 32.
f6+ Kh8 33. Bxc6 bxc6 34. Qf3 Qd2+ 35. Kh1 Qc1+ 36. Kg2 Qb2+ 37. Kg1 Qd4+ 38. Kg2 Nxf6 39. Qxc6 Qd2+ 40. Kg1 Qe1+ 41. Kg2 Qe2+ 42. Kg1 Qe3+ 43.
Kg2 Qe5 44. Qc8+ Kg7 45. Qc7+ Kg6 46. Qa7 Qe4+ 47. Kg1 Qb1+ 48. Kg2 Qc2+ 49. Kg1 Qd1+ 50. Kg2 Qd2+ 51. Kg1 Ne4 52. Qb6 Qe1+ 53. Kg2 Qe2+ 54. Kg1 Qe1+ 55. Kg2 Qxg3+ 56. Kf1 Qf3+ 57. Ke1 Qc3+ 58.
Ke2 Ng3+ 59. Kf2 Nf5 60. a4 Qg3+ 61. Ke2 Qg2+ 62. Kd3 Qf1+ 63. Kc3 Qxh3+ 64. Kb4 Qf1 65. a5 Qe1+ 66. Kb5 Qb1 67. b4 1-0

[Event "Early-Titled-Tuesday-Blitz-May-14-2024"]
[Site "Chess.com"]
[Date "2024.05.14"]
[Round "1"]
[White "TERMINATOR_PC"]
[Black "EdmundPlayer"]
[Result "1-0"]
[WhiteElo "2609"]
[BlackElo "2274"]
[TimeControl "180+1"]
[EndTime "8:08:55 PDT"]
[Termination "TERMINATOR_PC won on time"]

1. e4 e6 2. d4 d5 3. Nd2 h6 4.
Ngf3 Nf6 5. Bd3 c5 6. dxc5 Bxc5 7. exd5 exd5 8. O-O O-O 9. Nb3 Bb6 10. h3 Nc6 11. c3 Ne4 12. Nbd4 Re8 13. Be3 Bd7 14. Re1 Qf6 15. Nxc6 Bxc6 16. Bxb6 axb6 17. Qc2 Rac8 18. Nd4 Qf4 19. Re3 Ng5 20. Rae1 Bd7 21. Rxe8+ Rxe8 22. Rxe8+ Bxe8 23. Qe2 Kf8 24. Qe3 Qxe3 25. fxe3 Ke7 26. Kf2 Bc6 27. Bf5 Kf6 28. h4 Ne6 29. Bxe6 fxe6 30.
Kf3 b5 31. Nxc6 bxc6 32. b3 Ke7 33. h5 Kd6 34. Kf4 c5 35. Kf3 b4 36. cxb4 cxb4 37. Kf4 Kd7 38. Ke5 Ke7 39. Kd4 Kd6 40. e4 e5+ 41. Kd3 d4 42. Kc4 Kc6 43. Kxb4 Kb6 44.
Kc4 Kc6 45. a4 Kb6 46. b4 Ka6 47. Kd3 Kb6 48. Kc4 Ka6 49. a5 Kb7 50. b5 Ka7 51. Kd3 Kb7 52. Kc4 Ka7 53. a6 Kb6 54. Kb4 Ka7 55.
Kc4 Kb6 56. g3 Ka7 57. g4 Kb6 58. Kb4 Ka7 59. Kc5 d3 60. Kc6 d2 61. b6+ Kxa6 62. b7 d1=Q 63. b8=Q Qc2+ 64. Kd5 Qa2+ 65. Kd6 Qd2+ 66. Ke6 Qf4 67. Qxe5 Qxg4+ 68. Qf5 Qh4 69. Kf7 Kb6 70. Kxg7 Qg3+ 71. Kxh6 Kb7 72. e5 Qf3 73. Qxf3+ Kc7 74. Qd5 Kc8 75. Qd6 1-0

[Event "Early-Titled-Tuesday-Blitz-May-14-2024"]
[Site "Chess.com"]
[Date "2024.05.14"]
[Round "1"]
[White "Niktlt"]
[Black "dontcatchmeifyoucant"]
[Result "1/2-1/2"]
[WhiteElo "2734"]
[BlackElo "2429"]
[TimeControl "180+1"]
[EndTime "8:08:56 PDT"]
[Termination "Game drawn - timeout vs insufficient material"]

1. d4 Nf6 2. c4 e6 3. Nc3 Bb4 4.
f3 d5 5. a3 Be7 6. e3 O-O 7.
Bd3 dxc4 8. Bxc4 c5 9. Nge2 Nc6 10. dxc5 Qxd1+ 11. Kxd1 Bxc5 12. Kc2 a6 13. b4 Ba7 14. e4 b5 15. Bb3 Bb7 16. Bg5 Rac8 17. Kb2 h6 18. Bxf6 gxf6 19. Rac1 Ne5 20. Rhd1 Rfd8 21. Rxd8+ Rxd8 22. Rd1 Rxd1 23. Nxd1 Nd3+ 24. Kc2 Ne1+ 25. Kd2 Nxg2 26. a4 Nh4 27. Ndc3 Nxf3+ 28. Kd3 bxa4 29. Nxa4 Ne5+ 30. Kd2 Bxe4 31. Kc3 Kf8 32. Nd4 Ke7 33.
Bd1 Nc6 34. Nb3 Bf2 35. Nbc5 Be1+ 36. Kc4 Bd5+ 37. Kd3 Nxb4+ 38. Ke2 Bh4 39. Nb6 a5 40. Ba4 f5 41. Nc8+ Kf6 42. Nd6 f4 43. Nd7+ Ke7 44.
Nc8+ Kd8 45. Ncb6 f3+ 46. Kf1 Be4 47. Nc5 Bd3+ 48. Nxd3 Nxd3 49. Bb5 Nf4 50. Nc4 Nd5 51. Bc6 f5 52. Bxd5 exd5 53. Nxa5 Kc7 54. Nb3 Bf6 55. Kf2 Kd6 56. Kxf3 Ke5 57. Nc1 Bg5 58. Ne2 d4 59.
Ng1 d3 60. Nh3 Kd4 61. Kf2 Kc3 62. Kf3 Kc2 63. Nf2 d2 64. h4 Bxh4 65. Nd3 1/2-1/2

[Event "Early-Titled-Tuesday-Blitz-May-14-2024"]
[Site "Chess.com"]
[Date "2024.05.14"]
[Round "1"]
[White "Siemba"]
[Black "vovachesss"]
[Result "0-1"]
[WhiteElo "2484"]
[BlackElo "2843"]
[TimeControl "180+1"]
[EndTime "8:09:00 PDT"]
[Termination "vovachesss won by resignation"]

1. e4 c5 2. c3 d5 3. exd5 Qxd5 4. d4 Nf6 5. Nf3 e6 6. Na3 a6 7. Nc4 Nbd7 8. a4 b6 9. Be2 Bb7 10. O-O Be7 11. Bf4 cxd4 12. cxd4 O-O 13. Rc1 Rfc8 14.
Ne3 Qa2 15. Bc4 Qxb2 16. d5 exd5 17. Nxd5 Bxd5 18. Bxd5 Nxd5 19. Qxd5 Nf6 20. Qb7 Bc5 21. Rxc5 Re8 22. Rc7 Qb4 23. Be5 Rab8 24. Qxa6 Ra8 25. Qb5 Qxa4 26. Qxa4 Rxa4 27. Bxf6 gxf6 28. Rb7 Rb4 29. h3 Re2 30. Kh2 Kg7 31. Kg3 f5 32. Nh4 Kf6 33. Nf3 Reb2 34. Rc1 f4+ 35. Kh2 Rxf2 36. Rc6+ Kf5 37. Rbxb6 Rxb6 38. Rxb6 f6 39. Rb7 h5 40. Rh7 Kg6 41. Rh8 Ra2 42. h4 Rb2 43.
Kh3 Rb1 44. Rg8+ Kh7 45. Rc8 Rh1+ 46. Nh2 Kg6 47. Rc4 Kf5 48. g3 fxg3 49. Kxg3 Rg1+ 50.
Kh3 Ra1 51. Nf3 Ra3 52. Kg3 Rb3 53. Rc5+ Kg6 54. Rd5 Ra3 55. Kf4 Ra4+ 56. Rd4 Ra5 57. Rd6 Rf5+ 58. Kg3 Ra5 59. Nd4 Ra3+ 60. Kf4 Ra1 61.
Ke4 Rh1 62. Nf3 Ra1 63. Rd2 Ra4+ 64. Nd4 Ra3 65. Rg2+ Kf7 66. Kf4 Ra4 67. Rd2 Kg6 68.
Ke4 Kf7 69. Kf5 Ra5+ 70. Kf4 Ra4 71. Kf3 Kg6 72. Rd3 Kf7 73. Kg3 Kg6 74. Nf3 Rg4+ 75. Kh3 Ra4 76. Rd6 Kf5 77. Rd5+ Ke4 78. Rxh5 Kxf3 79.
Rf5+ Rf4 80. Rxf6 Rxf6 81. h5 Kf4 82. Kh4 Rh6 83. Kh3 Rxh5+ 84. Kg2 Rh4 85. Kf2 Rh2+ 0-1

[Event "Early-Titled-Tuesday-Blitz-May-14-2024"]
[Site "Chess.com"]
[Date "2024.05.14"]
[Round "1"]
[White "Rodalquilar"]
[Black "SONOFHOLYGOD"]
[Result "1-0"]
[WhiteElo "2871"]
[BlackElo "2506"]
[TimeControl "180+1"]
[EndTime "8:09:01 PDT"]
[Termination "Rodalquilar won by checkmate"]

1. d4 Nf6 2. Nf3 e6 3. Bf4 c5 4. e3 b6 5. Nbd2 Be7 6. h3 O-O 7. c3 Bb7 8. Bd3 d6 9. O-O Nc6 10. a3 e5 11. Bh2 Re8 12. b4 Bf8 13. dxe5 dxe5 14. Ne4 cxb4 15. cxb4 Nxb4 16. Nxf6+ Qxf6 17. axb4 e4 18. Bb5 exf3 19. Bxe8 Rxe8 20. Rxa7 fxg2 21. Re1 Rd8 22. Qa1 Qf3 23. Qc1 h6 24. Qc3 Rd1 25. Ra1 Rd7 26. Rac1 Bd6 27. Bxd6 Rxd6 28. e4 Rd3 29.
Qe5 Qxh3 30. Qh2 Qg4 31. Qxg2 Qh4 32. f3 Qd8 33. Qe2 Rd2 34. Qe3 Rd3 35. Qf2 Qg5+ 36. Qg2 Qf4 37. Rcd1 Rxf3 38. Rf1 Bxe4 39. Rxf3 Bxf3 40.
Rf1 Qd4+ 41. Qf2 Qg4+ 42. Kh2 Qh5+ 43. Kg3 Bd5 44. Qf5 Qe2 45. Rf2 Qe3+ 46. Kh2 Be6 47. Qf4 Qc3 48. Rd2 Qc8 49. Qd4 Kh7 50.
Qe4+ Bf5 51. Qd4 Bg6 52. Qxb6 Qc1 53. Qd4 Qf1 54. Kg3 Qe1+ 55. Kg2 Qe7 56. Rb2 Be4+ 57. Kf2 f5 58. b5 Qh4+ 59. Ke3 Qg3+ 60. Kd2 Qg2+ 61.
Kc3 Qf1 62. b6 Qc1+ 63. Kb4 Qc6 64. Ka5 Qa8+ 65. Kb5 Bc6+ 66. Kc5 Bb7 67. Qe5 Qa3+ 68. Rb4 Qc1+ 69. Kd6 Qc6+ 70. Ke7 Bc8 71. b7 Qd7+ 72.
Kf8 Qd8+ 73. Kf7 Bd7 74. b8=Q Be8+ 75. Qxe8 Qd5+ 76. Qe6 Qd3 77. Qbc8 h5 78. Qg8# 1-0

[Event "Early-Titled-Tuesday-Blitz-May-14-2024"]
[Site "Chess.com"]
[Date "2024.05.14"]
[Round "1"]
[White "wadsy27"]
[Black "simaopdias"]
[Result "1/2-1/2"]
[WhiteElo "2601"]
[BlackElo "2282"]
[TimeControl "180+1"]
[EndTime "8:09:01 PDT"]
[Termination "Game drawn by repetition"]

1. Nf3 d5 2. g3 Nf6 3. Bg2 e6 4. O-O Be7 5. d3 O-O 6. Nbd2 b6 7. e4 Bb7 8. e5 Nfd7 9. Re1 Re8 10. Nf1 Nf8 11. h4 h6 12. N1h2 Nbd7 13. h5 c5 14. Ng4 Kh8 15. Bf4 Nh7 16. Qd2 Ng5 17. Nxg5 Bxg5 18.
Bxg5 Qxg5 19. Qxg5 hxg5 20. h6 gxh6 21. Nxh6 Kg7 22. Ng4 f5 23. exf6+ Nxf6 24. Ne5 Rad8 25. Re2 Nd7 26. Rae1 Nxe5 27. Rxe5 Kf6 28. c3 Rd7 29. d4 cxd4 30. cxd4 Rc7 31. Bh3 Rc6 32. f4 gxf4 33.
Rf1 Rg8 34. Rxf4+ Ke7 35. g4 Rc2 36. g5 Bc8 37. Rf2 Rc1+ 38. Kg2 Rd1 39. Rfe2 Rxd4 40. Bxe6 Bxe6 41. Rxe6+ Kd7 42. Re7+ Kc6 43. R2e6+ Kb5 44. g6 Rg4+ 45. Kf3 R4xg6 46. Rxg6 Rxg6 47. Rxa7 Re6 48. Rc7 Re4 49. Rc3 Rc4 50. Rb3+ Kc5 51. Ke3 Rh4 52. Rc3+ Kb5 53. Rc8 Rh2 54. Kd4 Rxb2 55. Kxd5 Rd2+ 56. Ke4 Rxa2 57. Kd3 Rh2 58. Kc3 Rh3+ 59. Kb2 Kb4 60. Rg8 Rh2+ 61. Kb1 Rh3 62. Rg4+ Kb5 63. Kb2 Rf3 64.
Re4 Kc5 65. Rg4 b5 66. Rh4 Rd3 67. Rg4 Kb6 68. Rh4 Rd2+ 69. Kb3 Rf2 70. Rg4 Rf1 71. Rh4 Ka5 72. Rg4 Rf3+ 73. Kb2 Rh3 74. Rf4 Rg3 75. Rh4 Rg2+ 76. Kb3 Rg3+ 77. Kb2 b4 78. Rh8 Rg2+ 79. Kb3 Rg3+ 80. Kb2 Kb5 81. Rb8+ Kc5 82. Rc8+ Kd5 83.
Rb8 Kc4 84. Rc8+ Kd4 85. Rb8 Kc4 86. Rc8+ Kd4 87. Rb8 Kc5 88. Rc8+ Kb5 89. Rb8+ Ka5 90. Ra8+ Kb6 91. Rb8+ Kc5 1/2-1/2

[Event "Early-Titled-Tuesday-Blitz-May-14-2024"]
[Site "Chess.com"]
[Date "2024.05.14"]
[Round "1"]
[White "ilya2700"]
[Black "NelsonLinda"]
[Result "0-1"]
[WhiteElo "2248"]
[BlackElo "2599"]
[TimeControl "180+1"]
[EndTime "8:09:12 PDT"]
[Termination "NelsonLinda won by checkmate"]

1. d4 Nf6 2. c4 g6 3. Nc3 Bg7 4.
e4 d6 5. f4 O-O 6. Nf3 c5 7.
d5 e6 8. Be2 exd5 9. cxd5 b5 10. e5 dxe5 11. fxe5 Ng4 12. Bg5 Qb6 13. O-O c4+ 14. Kh1 Nf2+ 15. Rxf2 Qxf2 16. Nxb5 Qc5 17. Nd6 Nd7 18. Be7 Nxe5 19. Nxc8 Qxc8 20. Bxf8 Kxf8 21. Qa4 Nd3 22. Bxd3 cxd3 23. Qa3+ Kg8 24. Qxd3 Bxb2 25. Rb1 Bf6 26. d6 Qc6 27. h3 Rd8 28. Rd1 Rd7 29. Qa3 Kg7 30. Qb4 Qa6 31. a4 Qc6 32. Nd4 Qe4 33. Qc5 Be5 34. Nb5 Qf4 35. Qg1 a6 36.
Rf1 Qxa4 37. Qc5 Qxb5 38. Qc8 Rxd6 39. Qc1 Qd5 40. Qe1 Rf6 41. Rg1 Qd4 42. Qe2 Qf4 43.
g4 Qf3+ 44. Qg2 Qxg2+ 45. Rxg2 Rf3 46. Ra2 Rxh3+ 47. Kg2 Rg3+ 48. Kh1 Rxg4 49. Rf2 h5 50.
Rxf7+ Kh6 51. Rh7+ Kg5 52. Rxh5+ Kf4 53. Rh3 Bf6 54. Ra3 Rh4+ 55. Kg2 g5 56. Rxa6 Bd4 57.
Rd6 Kf5 58. Rd5+ Kg6 59. Rd7 Rf4 60. Rb7 Kh5 61. Rb5 Kg4 62. Rb3 Be5 63. Rg3+ Kf5 64. Rb3 Re4 65. Rf3+ Bf4 66. Rb3 Re3 67. Kh1 Kg4 68.
Rb1 Kh3 69. Rf1 Re2 70. Rb1 Rh2+ 71. Kg1 Be3+ 72. Kf1 Rh1+ 73. Ke2 Rxb1 74. Kf3 g4+ 75. Ke2 g3 76. Kf3 g2 77. Ke4 g1=Q 78. Kf3 Qf2+ 79. Ke4 Rb4+ 80. Kd3 Qd2# 0-1

[Event "Early-Titled-Tuesday-Blitz-May-14-2024"]
[Site "Chess.com"]
[Date "2024.05.14"]
[Round "1"]
[White "yonaltimur"]
[Black "SirStrateg"]
[Result "1/2-1/2"]
[WhiteElo "2380"]
[BlackElo "2678"]
[TimeControl "180+1"]
[EndTime "8:09:15 PDT"]
[Termination "Game drawn by stalemate"]

1. e4 d6 2. d4 Nf6 3. Nc3 c6 4. g3 Nbd7 5. Bg2 e5 6. Nge2 b5 7. a3 a5 8. O-O Ba6 9. Re1 Be7 10. h3 O-O 11. Be3 Qc7 12. f4 b4 13. axb4 axb4 14. Na4 Bb5 15. c3 bxc3 16. Nexc3 Ba6 17. dxe5 dxe5 18. f5 Rfd8 19. Qc2 h6 20. Red1 Qb7 21. Bf1 Bb5 22. Qb3 Rdb8 23. Nxb5 cxb5 24. Nc3 Bc5 25. Kf2 Rxa1 26. Rxa1 Bxe3+ 27. Kxe3 b4 28. Nd5 Nxd5+ 29. Qxd5 Qb6+ 30. Kf3 Nf6 31. Qd2 Rd8 32. Qc2 Qd4 33.
Bc4 Nxe4 34. Qxe4 Qxe4+ 35. Kxe4 Rd4+ 36. Kxe5 Rxc4 37. Ra8+ Kh7 38. g4 Rc2 39. Rb8 Rxb2 40. h4 Re2+ 41. Kf4 Rb2 42. g5 hxg5+ 43. hxg5 b3 44. g6+ fxg6 45. fxg6+ Kxg6 46. Kg3 Kh6 47. Rb6+ g6 48. Rb8 Rb1 49. Kg2 Kh5 50. Rh8+ Kg4 51.
Rb8 g5 52. Rb4+ Kh5 53. Rb5 b2 54. Rb6 Kh4 55. Rb8 Kg4 56. Rb7 Kf4 57. Rb8 Ke3 58. Rb7 Kd3 59. Rd7+ Kc4 60. Rc7+ Kb3 61. Rb7+ Kc4 62.
Rc7+ Kd3 63. Rd7+ Ke4 64. Re7+ Kf4 65. Rf7+ Ke5 66. Re7+ Kf6 67. Rb7 g4 68. Rb6+ Kg5 69.
Rb5+ Kh4 70. Rb8 Rc1 71. Rxb2 Rc3 72. Rb1 Rc2+ 73. Kg1 Kh3 74. Ra1 Rd2 75. Rb1 Re2 76. Ra1 Rb2 77. Rc1 g3 78. Rd1 Rg2+ 79. Kh1 Ra2 80.
Kg1 Rg2+ 81. Kh1 Rh2+ 82. Kg1 Re2 83. Ra1 Re4 84. Rb1 Re3 85. Ra1 Rf3 86. Rb1 g2 87.
Ra1 Kg3 88. Ra3 Rxa3 1/2-1/2

[Event "Early-Titled-Tuesday-Blitz-May-14-2024"]
[Site "Chess.com"]
[Date "2024.05.14"]
[Round "1"]
[White "Rdeux42"]
[Black "CarlosjPineror"]
[Result "0-1"]
[WhiteElo "2408"]
[BlackElo "2738"]
[TimeControl "180+1"]
[EndTime "8:09:17 PDT"]
[Termination "CarlosjPineror won by resignation"]

1. e4 c5 2. Nf3 e6 3. c4 a6 4. Nc3 Qc7 5. Be2 Nf6 6. O-O Be7 7. d4 cxd4 8. Nxd4 d6 9. b3 b6 10. Bb2 Bb7 11. f3 Nbd7 12. Kh1 O-O 13. Rc1 Rac8 14. Qd2 Qb8 15. Qe3 Bd8 16. f4 Bc7 17.
Bf3 Rfe8 18. Nde2 Ba8 19. g4 h6 20. h4 Nh7 21. g5 hxg5 22. hxg5 b5 23. cxb5 axb5 24. Nb1 Bb6 25. Qd3 b4 26. Nd2 e5 27.
g6 fxg6 28. Bg4 Nhf6 29. Bxd7 Nxd7 30. f5 gxf5 31. Rxc8 Qxc8 32. Rxf5 Nf6 33. Ng3 Qc5 34. Qf1 Qe3 35. Qg2 d5 36. Rxf6 dxe4 37. Nf5 Qe1+ 38. Kh2 Qg1+ 39. Qxg1 Bxg1+ 40. Kxg1 gxf6 41. Nd6 Rd8 42. N2xe4 Bxe4 43. Nxe4 Kf7 44. Kf2 Ra8 45. a4 bxa3 46.
Ba1 a2 47. Ke3 Rb8 48. Nd2 Ke6 49. Kd3 f5 50. Kc4 f4 51. Nf3 Rc8+ 52. Kd3 Rd8+ 53.
Ke4 Rd1 54. Bxe5 a1=Q 55. Bxa1 Rxa1 56. Kxf4 Kd5 57. Ke3 Rh1 58. Kf4 Rb1 59. Ke3 Rxb3+ 60. Kf4 Rb4+ 61. Kf5 Ra4 62. Ng5 Ra1 63. Nh3 Rf1+ 64.
Nf4+ Kd4 65. Kg4 Ke4 66. Ne2 Rf8 67. Ng3+ Ke3 68. Nf5+ Ke4 69. Ng3+ Ke5 70. Ne2 Rg8+ 71. Kf3 Rf8+ 72. Ke3 Ra8 73. Kf3 Ra3+ 74. Kg4 Rb3 75.
Ng1 Ke4 76. Nh3 Rb4 77. Ng5+ Ke5+ 78. Kf3 Rb3+ 79. Kg4 Rb4+ 80. Kf3 Kf5 81. Nf7 Rb3+ 82. Ke2 Rb6 83. Kd3 Kf6 84. Nd8 Ke7 0-1

[Event "Early-Titled-Tuesday-Blitz-May-14-2024"]
[Site "Chess.com"]
[Date "2024.05.14"]
[Round "1"]
[White "th3d4rkness"]
[Black "Manukyan_Artak"]
[Result "1/2-1/2"]
[WhiteElo "2171"]
[BlackElo "2567"]
[TimeControl "180+1"]
[EndTime "8:09:20 PDT"]
[Termination "Game drawn by repetition"]

1. e4 c6 2. d4 d5 3. e5 Bf5 4. h4 h5 5. Bg5 Qb6 6. Bd3 Bxd3 7.
Qxd3 e6 8. Nd2 Qa6 9. Qxa6 Nxa6 10. c3 c5 11. a3 Nh6 12. Bxh6 Rxh6 13. Ne2 Rc8 14.
Nf3 cxd4 15. Nfxd4 Nc5 16. O-O Nd3 17. f4 Nxb2 18.
Rab1 Na4 19. Rxb7 Nxc3 20. Nxc3 Rxc3 21. Rb8+ Kd7 22. Rfb1 Bxa3 23. R8b7+ Rc7 24. Rxc7+ Kxc7 25. Nb5+ Kc6 26. Nxa3 d4 27. Kf2 Kd5 28. Kf3 f6 29.
Rb5+ Kc6 30. Ra5 d3 31. Nc4 Rg6 32. g3 Kb7 33. Ra3 Kc6 34. Rxd3 Kc5 35. Nd6 fxe5 36. fxe5 a5 37. Ne4+ Kb4 38. Rd6 a4 39. Rb6+ Ka5 40. Rb8 a3 41. Ra8+ Kb4 42. Ng5 Kb3 43. Rb8+ Kc3 44. Rc8+ Kb2 45. Rb8+ Kc1 46. Ra8 Kb2 47. Ke4 a2 48. Kd4 a1=Q 49. Rxa1 Kxa1 50. Kc5 Kb2 51. Kd6 Rh6 52. Ke7 Rh8 53. Nxe6 Kc3 54. Nxg7 Kd4 55. e6 Ke5 56. Kf7 Ke4 57. e7 Kf3 58.
Nxh5 Kg4 59. e8=Q Rxh5 60. Qe6+ Kxg3 61. Qg6+ Kxh4 62. Qg2 Rg5 63. Qf2+ Kg4 64. Qe2+ Kf4 65. Ke6 Rg6+ 66. Kd5 Rg5+ 67. Kd4 Kf5 68. Qf3+ Kg6 69. Qf8 Rf5 70. Qg8+ Kf6 71. Ke4 Re5+ 72. Kf4 Rf5+ 73. Ke4 Re5+ 74. Kd4 Rg5 75. Qf8+ Kg6 76. Ke4 Rg4+ 77.
Ke5 Rg5+ 78. Ke6 Kh5 79. Kf6 Rg6+ 80. Kf5 Rg5+ 81. Kf4 Rg4+ 82. Kf3 Rg6 83. Qf5+ Kh6 84. Qf8+ Kh5 85. Qf7 Kh6 86. Kf4 Rg7 87. Qf6+ Kh7 88. Kf5 Kg8 89. Qd8+ Kh7 90. Kf6 Rg6+ 91. Kf7 Rg7+ 92.
Kf6 Rg6+ 93. Kf5 Rg7 94. Qh4+ Kg8 95. Kf6 Rf7+ 96. Ke6 Rg7 97. Qd8+ Kh7 98. Kf6 1/2-1/2